 Dungeon Crawl Stone Soup version 0.29.1-13-g9f3cf754e1 (webtiles) character file.

Game seed: 9967422943007520440

2 croobank the Sneak (level 1, -3/16 HPs)
             Began as an Octopode Delver on Feb 11, 2023.
             Slain by an ice beast (9 damage)
             ... on level 5 of the Dungeon.
             The game lasted 00:00:27 (35 turns).

croobank the Sneak (Octopode Delver)                  Turns: 35, Time: 00:00:28

Health: -3/16      AC:  1    Str: 11    XL:     1   Next: 30%
Magic:  1/1        EV: 13    Int: 12    God:
Gold:   0          SH:  0    Dex: 13    Spells: 0/0 levels left

rFire   . . .      SeeInvis .   a - +0 hand axe
rCold   . . .      Faith    .   (no shield)
rNeg    . . .      Spirit   .   (helmet restricted)
rPois   .          Reflect  .   (no amulet)
rElec   .          Harm     .   (no ring)
rCorr   .          Rampage  .   (no ring)
Will    .....                   (no ring)
Stlth   ++++......              (no ring)
HPRegen 0.05/turn               (no ring)
MPRegen 0.07/turn               (no ring)
                                (no ring)
                                (no ring)

@: hasted, very quick
A: almost no armour, amphibious, 8 rings, camouflage 1, gelatinous body 1,
(nimble swimmer 1), tentacles
a: no special abilities


You were on level 5 of the Dungeon.
You visited 1 branch of the dungeon, and saw 2 of its levels.

Inventory:

Hand Weapons
 a - a +0 hand axe (weapon)
Wands
 f - a wand of digging (3)
Scrolls
 b - a scroll of fog
 c - a scroll of magic mapping
 d - a scroll of fear


   Skills:
 + Level 3.0 Fighting
 + Level 2.0 Axes
 + Level 2.0 Dodging
 + Level 6.6 Stealth


You couldn't memorise any spells.
You didn't know any spells.
Your spell library was empty.

Dungeon Overview and Level Annotations

Branches:
Dungeon (6/15)             Temple (0/1) D:5

Altars:


Innate Abilities, Weirdness & Mutations

You cannot wear most types of armour.
You are amphibious.
You can wear up to eight rings at the same time.
Your skin changes colour to match your surroundings (Stealth+).
Your rubbery body absorbs attacks. (AC +1, EV +1)
((You are camouflaged when in or above water. (Stealth+)))
You have tentacles for arms and can constrict up to eight enemies at once.


Message History

Welcome, croobank the Octopode Delver.
Everyone else who sought the Orb of Zot has failed.
Will you be different?
Press ? for a list of commands and other information.
Found a stone staircase leading down.
You climb downwards.
Found a stone staircase leading up.
There is a stone staircase leading up here.
There is a stone staircase leading up here.
You climb upwards.
The orc shouts!
There is a stone staircase leading down here.
The orc hits you with a +0 hand axe.
You barely miss the orc. You grab the orc.
You constrict the orc, but do no damage.
The orc hits you with a +0 hand axe.
You hit the orc.
The orc is almost dead.
You constrict the orc.
You kill the orc!
An ice beast comes into view.
Things that are here:
a +0 hand axe; a +0 leather armour; an orc corpse
Found 15 gold pieces.
Found 9 gold pieces.
Found a scroll of magic mapping.
Found a staircase to the Ecumenical Temple.
Found a stone staircase leading up.
A jelly comes into view.
An adder comes into view.
You see here a scroll of magic mapping.
An adder comes into view.
Okay, then.
You feel yourself speed up. The ice beast hits you. The ice beast freezes you!
Ouch! That really hurt!
You die...

#.........# ##...
#.#####.#.##...# #
#....)..#.##...#.#
#####...#.##...#.# #
#...>............#<..
#.##.##.#...........
$...#.#.#.#.#.#.#..
#.#####.....Y........
# ###.#.?@....#.
#.....$......
#.#...>...#..
..............
#....#.......#..
#...............
.....#.#.#.#.#.#
....J.S.......#


You could see an ice beast, a jelly (asleep) and an adder (asleep).

Vanquished Creatures
  An orc (D:5)
1 creature vanquished.

Notes
Turn   | Place    | Note
-------+----------+-------------------------------------------
     0 | D:5      | croobank the Octopode Delver began the quest for the Orb.
     0 | D:5      | Reached XP level 1. HP: 16/16 MP: 1/1
     1 | D:6      | Noticed a water moccasin
     1 | D:6      | Noticed a hound
    13 | D:5      | Noticed an ice beast
    30 | D:5      | Found a staircase to the Ecumenical Temple.
    33 | D:5      | Noticed a jelly
    35 | D:5      | Slain by an ice beast

Illustrated notes

Levels and vault maps discovered:
D:5:      layout_basic, mainiacjoe_overflow_alcove_2, minitemple,
          minmay_temple_entry_glass, gammafunk_ghost_stat_death, uniq_eustachio
D:6:      layout_layer_cave, tso_oasis_becter, ebering_ghost_reflecting_pool

Action                   || total
-------------------------++-------
Melee: Hand axe          ||     2
       Constrict         ||     1
  Use: Potion            ||     1
